Map: [ESL] Ghost River

Players

Serral - Winner!

  • Race: Zerg Zerg
  • Spawn Location: 11:00

Oliveira

  • Race: Terran Terran
  • Spawn Location: 1:00

Event: ESL Spring 2024 Finals

VOD

Have the link to the VOD?

Description

Time

  • Played on: June 2, 2024, 1:47 p.m.
  • Length: 19:09

All games in this series

Show
View Real Time Build Order
Export as new Build Order

Serral Zerg - Winner!

Build Orders: Pool First 

Get SALT Encoding   

  12  0:00  Drone  
  13  0:12  Overlord  
  13  0:16  Drone  
  14  0:30  Drone x2  
  14  0:34  Drone  
  17  0:43  Spawning Pool  
  17  0:46  Drone  
  17  1:06  Hatchery  
  17  1:09  Drone  
  17  1:11  Extractor  
  16  1:14  Drone  
  16  1:17  Drone  
  18  1:30  Queen  
  18  1:31  Zergling x2  
  21  1:38  Overlord  
  21  1:49  Drone  
  22  2:00  Drone  
  23  2:05  Queen  
  25  2:11  Drone  
  26  2:17  Hatchery  
  26  2:20  Drone  
  26  2:23  Drone  
  26  2:29  Drone  
  28  2:32  Drone  
  29  2:40  Drone x2, Overlord  
  31  2:46  Queen  
  31  2:51  Metabolic Boost  
  33  2:56  Drone  
  33  2:57  Drone  
  33  2:58  Drone  
  36  3:02  Drone x2  
  38  3:07  Queen  
  38  3:11  Drone  
  41  3:17  Drone x3  
  41  3:19  Overlord  
  44  3:28  Queen  
  44  3:31  Queen  
  44  3:33  Overlord  
  48  3:35  Drone  
  48  3:38  Zergling x2  
  48  3:40  Zergling x2  
  51  3:41  Drone x2  
  51  3:48  Zergling x2  
  54  3:49  Overlord  
  54  3:53  Zergling x2  
  54  3:54  Drone  
  54  3:55  Drone x3  
  59  3:57  Drone  
  59  3:58  Drone  
  59  3:59  Drone  
  62  4:04  Queen  
  62  4:07  Overlord  
  64  4:10  Queen  
  64  4:16  Drone x4  
  70  4:18  Drone  
  70  4:21  Overlord  
  70  4:22  Drone  
  70  4:24  Drone  
  73  4:27  Overlord  
  73  4:31  Evolution Chamber  
  72  4:32  Drone x2, Evolution Chamber  
  72  4:33  Extractor  
  73  4:38  Drone x2  
  73  4:41  Overlord  
  74  4:49  Drone x7  
  80  4:54  Drone  
  80  4:55  Queen x2  
  80  4:58  Overlord  
  81  5:00  Zerg Melee Weapons Level 1  
  81  5:04  Spine Crawler, Zerg Ground Armor Level 1  
  80  5:08  Overlord  
  80  5:09  Zergling x6  
  80  5:13  Extractor  
  82  5:14  Zergling x4  
  82  5:15  Baneling Nest  
  83  5:21  Hatchery  
  83  5:26  Drone x4  
  83  5:27  Drone  
  87  5:29  Overlord  
  87  5:30  Overlord  
  87  5:31  Extractor  
  87  5:34  Lair  
  87  5:36  Drone x2  
  87  5:39  Zergling x8  
  93  5:43  Zergling x6  
  93  5:49  Queen  
  96  5:50  Queen  
  96  5:52  Zergling x4  
  96  5:56  Zergling x6  
  101  6:01  Zergling x4  
  98  6:09  Zergling x10  
  102  6:14  Overlord  
  102  6:15  Hatchery, Zergling x4  
  103  6:21  Overlord  
  103  6:24  Zergling x2  
  104  6:30  Zergling x6  
  104  6:34  Zergling x4  
  104  6:35  Centrifugal Hooks  
  105  6:43  Baneling x6  
  105  6:44  Zergling x12  
  111  6:49  Hatchery, Zergling x10  
  115  6:57  Zergling x4  
  115  6:59  Zerg Melee Weapons Level 2, Zerg Ground Armor Level 2  
  115  7:00  Overlord  
  117  7:01  Zergling x6  
  117  7:07  Zergling x2  
  121  7:10  Drone x2  
  121  7:13  Drone  
  121  7:14  Drone x2  
  125  7:19  Drone x3  
  125  7:20  Overlord  
  125  7:21  Drone  
  128  7:23  Drone  
  128  7:28  Drone  
  128  7:29  Drone x3  
  133  7:32  Baneling x5  
  133  7:33  Pneumatized Carapace  
  133  7:34  Burrow  
  133  7:35  Drone x2  
  133  7:36  Drone  
  136  7:38  Drone  
  136  7:43  Zergling x2  
  138  7:45  Zergling x4  
  138  7:48  Overlord  
  138  7:50  Zergling x10  
  138  7:51  Zergling x2  
  146  7:57  Zergling x6  
  149  8:02  Zergling x12  
  155  8:06  Overlord  
  155  8:13  Zergling x8  
  155  8:14  Hatchery  
  155  8:15  Hatchery  
  155  8:17  Baneling x3  
  155  8:18  Baneling x4  
  156  8:21  Baneling x2  
  156  8:24  Zergling x6  
  156  8:25  Zergling x16  
  167  8:33  Zergling x2  
  167  8:34  Zergling x14  
  175  8:38  Overlord  
  175  8:42  Overlord x2  
  175  8:44  Zergling x6  
  178  8:49  Zergling x6  
  181  8:57  Baneling x11  
  181  9:01  Zergling x22  
  191  9:05  Overseer  
  185  9:12  Zergling x8  
  188  9:21  Zergling x20  
  188  9:23  Zergling x8  
  180  9:25  Queen x3  
  180  9:28  Baneling  
  180  9:29  Zergling x14  
  160  9:35  Zergling x6  
  153  9:44  Zergling x8  
  147  9:48  Drone, Zergling x6  
  147  9:49  Drone x2  
  150  9:53  Zergling x12  
  155  10:03  Drone x3  
  155  10:04  Infestation Pit  
  155  10:06  Baneling x32  
  158  10:07  Zergling x16  
  158  10:11  Zergling x14  
  168  10:20  Zergling x2  
  168  10:21  Zergling x14  
  174  10:23  Drone  
  174  10:25  Drone  
  176  10:31  Zergling x10  
  176  10:35  Zergling x6  
  184  10:37  Baneling x12  
  181  10:43  Zergling x12  
  181  10:44  Zergling x12  
  192  10:51  Hive  
  192  10:54  Zergling x6  
  192  10:57  Baneling x9  
  192  10:59  Overlord  
  192  11:01  Overlord  
  192  11:07  Zergling x6  
  192  11:08  Hatchery  
  189  11:15  Zergling x12  
  192  11:20  Zergling x8  
  192  11:21  Zergling x10  
  197  11:29  Drone x3  
  195  11:33  Zergling x8  
  195  11:39  Baneling x5  
  197  11:51  Extractor  
  173  11:55  Zergling x30  
  173  11:56  Zergling x22  
  147  12:09  Adrenal Glands  
  147  12:10  Zergling x16  
  147  12:14  Zerg Ground Armor Level 3  
  147  12:15  Baneling x12  
  155  12:21  Extractor  
  155  12:22  Zergling x4  
  156  12:23  Zergling x14  
  156  12:29  Overseer  
  162  12:38  Zerg Melee Weapons Level 3  
  162  12:39  Drone  
  162  12:40  Drone x3  
  162  12:42  Zergling x32  
  182  12:50  Zergling x12  
  188  12:52  Drone x2, Spore Crawler  
  188  12:53  Spore Crawler  
  188  12:59  Viper  
  188  13:00  Viper  
  194  13:06  Overseer  
  194  13:08  Zergling x12  
  192  13:23  Baneling x6  
  192  13:25  Zergling x2  
  192  13:26  Zergling x12  
  195  13:36  Zergling x26  
  196  13:46  Hatchery  
  196  13:48  Zergling x28  
  197  13:52  Drone  
  197  13:53  Drone  
  197  13:54  Baneling x12, Spore Crawler x2  
  193  14:06  Zergling x2  
  193  14:07  Zergling x18  
  193  14:08  Baneling x6  
  193  14:09  Baneling  
  173  14:17  Zergling x20  
  173  14:23  Zergling x28  
  188  14:24  Baneling x5  
  188  14:27  Baneling x4  
  188  14:28  Zergling x22  
  176  14:39  Zergling x18  
  176  14:43  Zergling x12  
  176  14:44  Zergling x4  
  173  14:45  Zergling x2  
  173  14:50  Spore Crawler, Drone x2  
  173  14:52  Spore Crawler  
  163  14:54  Zergling x26  
  163  14:58  Zergling x8  
  171  15:02  Zergling x6  
  169  15:09  Baneling x19  
  169  15:10  Baneling x4  
  168  15:15  Zergling x8  
  167  15:29  Viper  
  167  15:31  Zergling x10  
  167  15:32  Zergling x10  
  179  15:45  Baneling x6  
  179  15:48  Zerg Missile Weapons Level 1  
  177  15:54  Viper x2  
  177  15:56  Zergling x22  
  164  16:00  Zergling x6  
  164  16:03  Zergling x8  
  149  16:10  Drone x4  
  152  16:18  Baneling x5  
  151  16:22  Zergling x24  
  163  16:30  Zergling x20  
  166  16:38  Zergling x18  
  172  16:46  Baneling x5  
  172  16:47  Baneling x14  
  171  16:57  Zergling x18  
  171  16:59  Baneling x2  
  170  17:12  Baneling  
  170  17:13  Baneling  
  170  17:15  Zergling x14  
  171  17:16  Zergling x18  
  162  17:27  Zergling x10  
  162  17:28  Zergling x18  
  149  17:33  Zergling x2  
  143  17:40  Zergling x12  
  146  17:44  Drone x8  
  146  17:48  Zergling x6  
  134  18:03  Zergling x22  
  134  18:04  Ultralisk Cavern  
  144  18:05  Baneling  
  144  18:06  Baneling x14  
  144  18:11  Zergling x14  
  151  18:17  Baneling x8  
  151  18:19  Zergling x2  
  152  18:23  Zergling x2  
  152  18:24  Zergling x10  
  158  18:32  Zergling x14  
  158  18:33  Overseer  
  165  18:38  Baneling x2  
  165  18:39  Baneling x10  
  165  18:43  Zergling x26  
Show
View Real Time Build Order
Export as new Build Order

Oliveira Terran 

Build Orders: Reaper Expand 

Get SALT Encoding   

  12  0:00  SCV  
  13  0:12  SCV  
  14  0:17  Supply Depot  
  14  0:24  SCV  
  15  0:38  SCV  
  15  0:40  Barracks  
  16  0:44  Refinery  
  16  0:50  SCV  
  17  1:03  SCV  
  18  1:15  SCV  
  19  1:28  Orbital Command, Reaper  
  20  1:38  Command Center  
  20  1:47  Supply Depot  
  20  1:54  SCV  
  21  1:59  Marine  
  22  2:06  SCV  
  23  2:11  Factory  
  23  2:18  SCV  
  24  2:22  Barracks Reactor  
  24  2:30  SCV  
  25  2:38  Command Center  
  25  2:42  SCV  
  26  2:50  Orbital Command  
  26  2:54  SCV  
  27  3:01  Hellion  
  27  3:02  Hellion  
  31  3:10  Barracks  
  31  3:12  SCV  
  33  3:20  Refinery  
  33  3:21  Barracks Tech Lab  
  33  3:24  SCV  
  33  3:25  SCV  
  33  3:26  Hellion  
  36  3:31  Hellion  
  38  3:36  SCV  
  38  3:37  SCV  
  38  3:40  Stimpack  
  38  3:41  Marine  
  40  3:48  SCV  
  42  3:49  SCV  
  42  3:51  Orbital Command  
  43  3:57  Starport  
  43  4:00  SCV, Marine  
  45  4:04  Marine x2, Factory Reactor  
  45  4:06  SCV  
  48  4:11  Supply Depot  
  48  4:12  SCV  
  49  4:18  SCV, Marine  
  49  4:19  SCV  
  49  4:22  Marine  
  53  4:24  SCV  
  53  4:27  Marine  
  53  4:31  SCV x2  
  56  4:34  Supply Depot  
  56  4:36  SCV, Marine  
  59  4:40  Marine  
  59  4:41  Armory  
  59  4:46  SCV  
  59  4:47  Marine  
  59  4:49  Medivac x2  
  62  4:53  Marine  
  62  4:54  SCV  
  62  4:55  SCV  
  62  4:57  Factory Tech Lab  
  62  4:58  Marine  
  65  5:00  SCV  
  65  5:05  Marine  
  65  5:06  Supply Depot  
  67  5:09  SCV x2  
  67  5:14  SCV, Marine, Engineering Bay  
  69  5:15  Engineering Bay  
  69  5:16  Marine  
  69  5:18  Orbital Command  
  69  5:20  Refinery  
  72  5:22  Combat Shield, Refinery  
  72  5:23  Marine  
  72  5:25  SCV  
  74  5:31  Starport Reactor  
  74  5:33  Supply Depot  
  74  5:34  SCV  
  75  5:36  Barracks  
  75  5:37  Marine  
  75  5:40  SCV, Marine  
  78  5:44  SCV  
  78  5:49  Marine  
  80  5:50  Siege Tank  
  80  5:51  SCV  
  80  5:54  SCV  
  84  5:57  Marine  
  84  6:00  Terran Infantry Weapons Level 1  
  84  6:04  Marine  
  81  6:06  SCV x2, Barracks  
  81  6:07  Barracks  
  81  6:08  SCV  
  81  6:09  Marine  
  86  6:12  Supply Depot  
  86  6:15  Supply Depot  
  86  6:17  Terran Infantry Armor Level 1  
  86  6:18  SCV x2  
  88  6:20  SCV  
  88  6:21  Marine  
  90  6:25  Siege Tank  
  90  6:30  SCV x2  
  93  6:33  Marine  
  93  6:34  Marine  
  93  6:35  SCV  
  95  6:40  Marine, Command Center  
  95  6:42  SCV  
  95  6:43  SCV  
  95  6:46  Supply Depot  
  98  6:49  SCV  
  98  6:51  Drilling Claws  
  98  6:53  Marine  
  100  6:54  SCV, Refinery  
  100  6:55  Barracks Reactor x2  
  100  6:56  SCV, Factory  
  100  6:59  Refinery  
  100  7:00  Medivac  
  100  7:01  Medivac  
  106  7:06  Marine  
  106  7:07  Marine  
  108  7:10  Supply Depot, Marine x2  
  108  7:11  Siege Tank  
  108  7:13  SCV  
  108  7:14  SCV x2  
  116  7:19  Marine  
  117  7:23  Supply Depot  
  117  7:24  Supply Depot, Marine  
  117  7:25  SCV  
  117  7:26  SCV x2, Terran Vehicle Weapons Level 1  
  117  7:29  Marine  
  122  7:31  Marine x2  
  122  7:32  Marine x2  
  122  7:34  Marine, Sensor Tower  
  128  7:37  SCV  
  128  7:38  SCV  
  128  7:39  Marine  
  128  7:41  Factory Reactor  
  130  7:45  Marine  
  130  7:46  Siege Tank  
  130  7:47  SCV  
  130  7:48  Marine  
  130  7:49  Supply Depot, SCV  
  137  7:51  Medivac x2  
  137  7:54  Marine  
  137  7:56  Terran Infantry Weapons Level 2  
  142  7:59  Marine  
  142  8:00  Marine  
  142  8:02  Marine  
  142  8:04  Marine  
  146  8:07  SCV  
  147  8:13  SCV, Barracks  
  147  8:15  Supply Depot  
  147  8:16  Barracks  
  147  8:18  Barracks  
  147  8:19  Marine  
  149  8:22  Siege Tank, Widow Mine x2  
  149  8:23  SCV  
  157  8:27  Marine  
  157  8:31  Marine  
  157  8:33  Planetary Fortress  
  159  8:35  Supply Depot  
  159  8:36  Marine  
  159  8:38  Medivac x2  
  159  8:39  Marine x2  
  159  8:40  SCV x2  
  168  8:46  Supply Depot  
  168  8:48  Marine  
  168  8:50  Sensor Tower, Widow Mine x2  
  168  8:51  Marine  
  168  8:53  Terran Infantry Armor Level 2  
  174  8:56  Marine  
  174  8:59  Marine  
  174  9:01  Marine  
  177  9:04  Marine  
  177  9:05  Marine x2  
  177  9:08  Command Center  
  179  9:11  Barracks Tech Lab  
  179  9:14  Marine  
  179  9:15  Marine x2, Marauder  
  184  9:22  Marine x2  
  166  9:25  Marine  
  166  9:26  Marine  
  166  9:27  Marine  
  166  9:29  SCV x2  
  166  9:30  SCV  
  152  9:31  Widow Mine  
  152  9:32  Marine x2, Marauder  
  152  9:36  Marine x2  
  152  9:37  Marauder  
  147  9:39  SCV  
  147  9:41  SCV  
  147  9:43  SCV, Marine  
  130  9:45  Marine  
  130  9:46  SCV  
  130  9:48  Marine x2  
  130  9:50  Terran Vehicle Weapons Level 2  
  130  9:51  SCV, Marine  
  127  9:53  SCV  
  127  9:54  Marine, Marauder  
  127  9:55  SCV  
  127  9:58  Marine, Marauder  
  133  10:00  Widow Mine x2  
  133  10:01  Widow Mine  
  133  10:02  SCV  
  133  10:03  SCV, Marine x2  
  141  10:12  Barracks Tech Lab  
  141  10:13  Barracks Tech Lab  
  141  10:14  SCV  
  142  10:15  Marauder  
  142  10:16  SCV x2  
  142  10:17  Terran Infantry Weapons Level 3  
  146  10:22  Marine x3, Marauder  
  146  10:23  Missile Turret, Widow Mine  
  146  10:24  SCV  
  154  10:32  Marine x2  
  154  10:33  Marine, Marauder  
  154  10:35  Missile Turret  
  159  10:37  Marine x2, Marauder  
  159  10:38  Marauder  
  165  10:42  Marine  
  165  10:43  Marine  
  165  10:44  Marauder  
  165  10:45  SCV x2  
  165  10:49  Marine  
  170  10:50  Siege Tank, Marine  
  170  10:51  Widow Mine x2  
  170  10:53  SCV  
  170  10:54  SCV, Marauder  
  182  11:05  Marine x2  
  182  11:06  Marauder  
  182  11:09  Marine  
  182  11:11  Terran Infantry Armor Level 3  
  185  11:12  Marine  
  185  11:15  Marine x2  
  176  11:19  Marine x2  
  176  11:20  Marauder  
  176  11:22  Widow Mine  
  176  11:23  Marine  
  176  11:24  Marine, Marauder, Widow Mine  
  186  11:26  Command Center  
  186  11:27  Marine, Marauder  
  188  11:33  Siege Tank, Liberator  
  188  11:37  Concussive Shells  
  194  11:43  Liberator  
  196  11:47  Marine  
  196  11:49  Marine  
  196  11:50  Marine  
  196  11:51  Marine x2  
  196  11:52  Marauder x2  
  176  11:57  Marine x3  
  176  11:58  Marauder x2  
  135  12:05  Marine  
  135  12:07  Marine  
  135  12:08  Marine  
  126  12:09  Siege Tank, Marine x2, Widow Mine  
  126  12:10  Widow Mine  
  126  12:13  Marauder x2  
  126  12:15  Marine x2  
  139  12:19  Terran Vehicle And Ship Armor Level 1  
  139  12:21  Marine x2  
  139  12:22  Marauder  
  145  12:25  Medivac  
  145  12:26  Marine x2  
  145  12:29  Marine x2  
  151  12:34  Widow Mine x2  
  151  12:35  Marine  
  154  12:40  Marine x3  
  157  12:45  Liberator  
  157  12:47  Marine x2  
  160  12:51  Marine  
  160  12:53  Marine x2  
  160  12:54  Marine  
  168  12:58  Widow Mine x2  
  168  13:01  Widow Mine  
  170  13:07  Marine  
  170  13:08  Marine, Marauder  
  170  13:12  Planetary Fortress  
  174  13:13  Marine  
  174  13:16  Marine x2  
  169  13:20  Marine  
  169  13:21  Marine  
  169  13:25  Marine, Marauder  
  175  13:28  Marine  
  175  13:29  Marine  
  175  13:32  Marine  
  176  13:39  Marine x2, Marauder  
  177  13:43  Command Center  
  172  13:54  Marine x2  
  172  13:55  Marine, Marauder  
  177  13:56  Widow Mine  
  177  13:57  Medivac x2  
  177  13:58  Marine x2  
  182  14:04  Marine x2, Marauder  
  182  14:07  Marine  
  182  14:08  Marauder  
  182  14:11  Marine  
  182  14:12  Marine  
  182  14:14  Marine  
  182  14:16  Marine  
  173  14:17  Marine  
  173  14:18  Marine x2  
  173  14:22  Marine  
  176  14:27  Medivac  
  176  14:28  Marine x2  
  176  14:29  Marauder  
  186  14:31  Widow Mine x2  
  186  14:36  Marine x3  
  186  14:38  Marine x2  
  167  14:40  Marine  
  167  14:42  Marine x2  
  143  14:49  Marine x2, Marauder  
  145  14:57  Marine x2, Marauder  
  145  14:58  Medivac  
  145  15:00  Marine x2  
  145  15:01  Marine  
  145  15:03  Widow Mine  
  145  15:05  Marine  
  145  15:06  Marine  
  148  15:10  Widow Mine  
  148  15:12  Marine  
  148  15:13  Marauder  
  153  15:17  Marine  
  153  15:18  Marine, Widow Mine  
  157  15:21  Marine  
  157  15:22  Marauder  
  157  15:26  Marine x2  
  162  15:30  Marine x2  
  162  15:33  Marine  
  168  15:36  SCV  
  168  15:41  Marine  
  166  15:44  Widow Mine x2  
  166  15:45  Widow Mine  
  166  15:47  Marine  
  166  15:48  Marauder  
  173  15:53  Marine x3  
  173  15:54  Marauder x2  
  152  15:57  Marine x3  
  152  15:58  Marauder  
  152  16:00  SCV  
  152  16:03  Marine  
  127  16:05  Marine, Widow Mine  
  127  16:07  Widow Mine  
  127  16:09  Marauder, Widow Mine  
  136  16:11  Marine  
  136  16:12  Marine x2  
  136  16:14  SCV  
  136  16:15  Marine x2, Marauder  
  141  16:19  Planetary Fortress  
  141  16:21  SCV  
  141  16:22  Marine x2  
  141  16:23  Marine  
  145  16:26  Marine  
  145  16:27  Marine  
  145  16:35  Marine x3  
  145  16:36  Marine, Marauder  
  145  16:37  Marauder, Widow Mine  
  145  16:38  SCV  
  145  16:39  SCV, Marine  
  158  16:46  SCV, Marine  
  160  16:48  Marine x3, Widow Mine  
  160  16:52  SCV x2  
  167  17:00  Marine x2  
  169  17:01  Marauder  
  169  17:02  Widow Mine  
  169  17:04  Marine  
  169  17:07  SCV  
  171  17:09  SCV  
  171  17:10  SCV, Marine x2, Marauder  
  171  17:12  Medivac  
  171  17:15  SCV  
  177  17:20  SCV  
  151  17:26  Marine x2, Marauder  
  151  17:27  Marine  
  151  17:28  Widow Mine  
  128  17:32  Marine  
  128  17:35  Medivac  
  111  17:38  Marine x3  
  111  17:39  Marauder x2, Widow Mine  
  111  17:40  Marine, Widow Mine  
  111  17:44  Marine x2, Marauder  
  116  17:47  Marine  
  116  17:48  Marauder  
  116  17:51  Marine  
  118  17:54  Widow Mine  
  118  17:56  Marine x2  
  118  17:57  Marine  
  117  18:01  Marine x2  
  119  18:06  Widow Mine x2  
  119  18:07  Marine  
  119  18:11  Marine x2  
  124  18:13  Marine x2  
  126  18:24  Orbital Command, Marine x2  
  126  18:26  Marine x2, Widow Mine  
  132  18:29  Marine  
  132  18:31  SCV  
  132  18:33  Widow Mine  
  136  18:36  Marine  
  136  18:37  Marine  
  136  18:41  Marine x2  
Tags
 
Add a new tag
Caveats
  • Supply blocks, unpowered buildings, or Contaminate may cause inaccurate times.
  • Supply counts are checked every 10 seconds.